 Dungeon Crawl Stone Soup version 0.26-a0-639-g72c4674329 (webtiles) character file.

Game seed: 812394780494161376

35 Cokeysmoke the Fighter (level 3, 0/38 HPs)
             Began as a Gnoll Wanderer on Sept 19, 2020.
             Slain by Terence
             ... wielding a +0 short sword
              (6 damage)
             ... on level 2 of the Dungeon.
             The game lasted 00:02:40 (956 turns).

Cokeysmoke the Fighter (Gnoll Wanderer)              Turns: 956, Time: 00:02:41

Health: 0/38       AC:  2    Str: 13    XL:     3   Next: 33%
Magic:  3/4        EV: 13    Int: 13    God:
Gold:   52         SH:  0    Dex: 17    Spells: 3/3 levels left

rFire    . . .     SeeInvis .     - Unarmed
rCold    . . .     Faith    .   (no shield)
rNeg     . . .     Spirit   .   i - +0 robe {MR+}
rPois    .         Reflect  .   (no helmet)
rElec    .         Harm     .   (no cloak)
rCorr    .         Rampage  .   (no gloves)
MR       +....                  (no boots)
Stlth    ++........             (no amulet)
HPRegen  0.12/turn              (no ring)
MPRegen  0.09/turn              (no ring)

@: lethally poisoned (0 -> -3)
A: distributed training, fangs 1, strong nose
a: no special abilities


You were on level 2 of the Dungeon.
You visited 1 branch of the dungeon, and saw 2 of its levels.

You collected 52 gold pieces.

Inventory:

Hand Weapons
 a - a +0 dagger
Missiles
 f - 8 poisoned darts
 g - 8 silver boomerangs (quivered)
Armour
 d - a +0 robe
 i - a +0 robe of magic resistance (worn)
 q - a +0 ring mail
Scrolls
 h - a scroll of fog {unknown}
 j - 2 scrolls of teleportation {unknown}
 l - 2 scrolls of immolation {unknown}
 m - a scroll of enchant armour {unknown}
 n - a scroll of amnesia {unknown}
 o - a scroll of remove curse {unknown}
 p - a scroll of identify {unknown}
Potions
 b - a potion of haste
 c - 3 potions of lignification
 e - 2 potions of heal wounds
 k - 2 potions of curing {unknown}


   Skills:
 + Level 8.5 Fighting
 + Level 0.7 Short Blades
 + Level 0.7 Long Blades
 + Level 0.7 Axes
 + Level 0.7 Maces & Flails
 + Level 0.7 Polearms
 + Level 0.7 Staves
 + Level 0.7 Slings
 + Level 0.7 Bows
 + Level 0.7 Crossbows
 + Level 0.7 Throwing
 + Level 0.7 Armour
 + Level 2.6 Dodging
 + Level 2.3 Stealth
 + Level 0.7 Shields
 + Level 6.5 Unarmed Combat
 + Level 0.7 Spellcasting
 + Level 0.5 Conjurations
 + Level 0.5 Hexes
 + Level 0.5 Summonings
 + Level 0.5 Necromancy
 + Level 0.5 Translocations
 + Level 0.5 Transmutations
 + Level 0.5 Fire Magic
 + Level 0.5 Ice Magic
 + Level 0.5 Air Magic
 + Level 0.5 Earth Magic
 + Level 0.5 Poison Magic
 + Level 0.9 Invocations
 + Level 2.6 Evocations


You had 3 spell levels left.
You didn't know any spells.
Your spell library was empty.

Dungeon Overview and Level Annotations

Branches:
Dungeon (2/15)

Altars:

Annotations:
D:2 Terence


Innate Abilities, Weirdness & Mutations

Your experience applies equally to all skills.
You have very sharp teeth.
Your uncanny sense of smell can sniff out nearby items.


Message History

Terence is almost dead.
Terence barely misses you.
You hit Terence. You bite Terence, but do no damage.
Terence is almost dead.
Terence hits you with a +0 short sword.
You are too injured to fight recklessly!
You are too injured to fight recklessly!
You hit Terence but do no damage.
Terence is almost dead.
You feel sick. Terence hits you with a +0 short sword.
You hit Terence but do no damage.
Terence is almost dead.
You barely miss Terence.
Terence is almost dead.
Terence hits you with a +0 short sword.
* * * LOW HITPOINT WARNING * * *
You hit Terence but do no damage. You bite Terence, but do no damage.
Terence is almost dead.
You feel sick. Terence hits you with a +0 short sword.
You die...

######### .#.#
##.......##.#.##
.......[........
#............#
#............#
#............#
##.......###
'.......K@.#
#.......#@#
####.####.#######.#
#. #............ .
#.#.#######.# #
#.#..# #.##.#
#.##.# # #.##.###.#
####.#......#


You could see Terence and a kobold.

Vanquished Creatures
  An adder (D:2)
  A dart slug (D:1)
  3 giant cockroaches (D:1)
  2 goblins
  5 hobgoblins
  3 kobolds (D:1)
  A ball python (D:1)
  2 bats (D:1)
  2 frilled lizards (D:1)
  3 rats (D:1)
23 creatures vanquished.

Notes
Turn   | Place    | Note
-------+----------+-------------------------------------------
     0 | D:1      | Cokeysmoke the Gnoll Wanderer began the quest for the Orb.
     0 | D:1      | Cokeysmoke set off with the following items: a +0 dagger, a
                  | potion of haste, 2 potions of lignification, a +0 robe, a
                  | potion of heal wounds
     0 | D:1      | Reached XP level 1. HP: 26/26 MP: 1/1
   237 | D:1      | Reached XP level 2. HP: 33/33 MP: 2/2
   898 | D:2      | Reached XP level 3. HP: 38/38 MP: 3/3
   926 | D:2      | Noticed Terence
   956 | D:2      | Slain by Terence

Illustrated notes

Levels and vault maps discovered:
D:1:      kennysheep_arrival_seaside, layout_basic
D:2:      layout_basic, uniq_terence

Action                   || total
-------------------------++-------
Melee: Unarmed           ||    58
       Bite              ||     5
 Stab: Sleeping          ||     5
Armor: Robe              ||     5
Dodge: Dodged            ||    33

Table legend: (Time is in decaauts)
 A = Elapsed time spent in this place.
 B = Non-inter-level travel time spent in this place.
 C = Inter-level travel time spent in this place.
 D = Time resting spent in this place.
 E = Time spent auto-exploring this place.
 F = Levels seen in this place.
 G = Mean time per level.
                   A        B        C        D        E       F      G
               +--------+--------+--------+--------+--------+-----+--------+
         Total |    948 |    909 |     39 |      0 |    726 |   2 |  474.0 |
       Dungeon |    948 |    909 |     39 |      0 |    726 |   2 |  474.0 |
               +--------+--------+--------+--------+--------+-----+--------+

Top non-repeatable levels by time:
     D:1: 803 daAuts
     D:2: 145 daAuts
